Unix NetHack Version 5.0.0-0 post-release - last build May 23 2026 06:08:33 (1c0ff79ee797540d5714e4e18072db0edd9e58ae,branch:main).

Game began 2026-05-24 20:52:46, ended 2026-05-24 21:00:29.

ArrBianca, chaotic female elven Priestess

                                  .....  G
                                 -..GG..
                                 |@h%G..|
                                 --.....--
                                 --......-
                                 -..<.....
                                -.........
                               ....|......
                                ..---.--.
                                     -

ArrBianca the Acolyte        St:14 Dx:14 Co:10 In:9 Wi:18 Ch:10  Chaotic
Dlvl:4  $:45 HP:0(34) Pw:38(41) AC:8  Xp:4 T:1088 

Latest messages:
 You begin to memorize the runes.
 You add the "haste self" spell to your repertoire, as 'c'.
 That door is closed.
 The door resists!
 The door opens.
 A gush of water hits you!
 You descend the stairs.
 A lit field surrounds you!
 You hear crashing rock.
 The dwarf wields a dagger!
 You miss the gnome lord.
 The gnome lord hits!
 You miss the gnome lord.
 The dwarf thrusts his dagger.
 The dwarf hits!
 The gnome wields a thonged club!
 The gnome secures the tether on the thonged club.
 You miss the gnome lord.
 The gnome lord hits!
 You hit the gnome lord!
 You kill the gnome lord!
 You hear crashing rock.
 You miss the gnome.
 The dwarf thrusts his dagger.
 The dwarf hits!
 The gnome hits!
 What do you want to drink? [djnt or ?*] >
 You don't have that object.
 What do you want to drink? [djnt or ?*] ?
 You feel better.
 The gnome swings her thonged club.
 The gnome hits!
 The gnome hits!
 You have no ammunition readied.
 What do you want to fire? [$l or ?*] l
 You ready: l - a blessed flail.
 In what direction? l
 The flail misses the gnome.
 You miss the dwarf.
 The dwarf thrusts his dagger.
 The dwarf hits!
 The gnome picks up a blessed flail.
 The gnome shoots a poisoned arrow!
 The poisoned arrow hits the gnome.
 The gnome is killed!
 You hit the dwarf!
 The dwarf thrusts his dagger.
 The dwarf hits!
 You die...
 Do you want your possessions identified? [ynq] (y) q

Inventory:
 Coins    ('$')
  $ - 45 gold pieces
 Weapons  (')')
  a - a blessed +1 mace (weapon in right hand)
 Armor    ('[')
  c - a burnt +0 small shield (being worn)
  b - a +0 robe (being worn)
  o - a thoroughly burnt +0 Hawaiian shirt with a hula dancer motif (being worn)
 Comestibles  ('%')
  e - 2 cloves of garlic
  q - 3 food rations
  f - 2 sprigs of wolfsbane
 Spellbooks  ('+')
  h - a spellbook of detect monsters
  v - a spellbook of haste self
  g - a spellbook of light
 Potions  ('!')
  t - a potion of confusion
  n - a potion of healing
  j - 2 potions of monster detection
  d - 4 potions of holy water
 Tools    ('(')
  i - a leather drum

ArrBianca the Priestess's attributes:

Background:
 You were an Acolyte, a level 4 elven Priestess.
 You were chaotic, on a mission for Susanowo
 who was opposed by Amaterasu Omikami (lawful) and Raijin (neutral).
 You were right-handed.
 You were in the Gnomish Mines, on level 4.
 You entered the dungeon 1088 turns ago.
 You had 142 experience points, 18 more were needed to attain level 5.

Basics:
 You had 0 out of 34 hit points.
 You had 38 out of 41 energy points (spell power).
 Your armor class was 8.
 Your wallet contained 45 zorkmids.
 Autopickup was on for '$?!/="+%' plus thrown, with exceptions.

Final Characteristics:
 Your strength was 14 (limit:18).
 Your dexterity was 14 (limit:18).
 Your constitution was 10 (limit:16).
 Your intelligence was 9 (limit:20).
 Your wisdom was 18 (limit:20).
 Your charisma was 10 (limit:18).

Final Status:
 You weren't hungry.
 You were unencumbered.
 You were wielding a mace.
 You had basic skill with mace.

Final Attributes:
 You were devoutly aligned.
 You were sleep resistant.
 You had infravision.
 You were guarded.
 Your spell casting was enhanced by wearing a robe.
 You are dead.

Miscellaneous:
 You didn't encounter any bones levels.
 Total elapsed playing time was 7 minutes and 43 seconds.

Major events:
 Turn
    1: ArrBianca the chaotic elven Priestess entered the dungeon
  636: attained the rank of Acolyte (level 3)
 1069: entered the Gnomish Mines
 1088: killed by a dwarf

Spells:
 Name                 Level Category     Fail Retention
 light                  1   clerical       0%  91%-100%
 detect monsters        1   divination     0%  76%-100%
 haste self             3   escape        74%  76%-100%

Skills:
 Fighting Skills
   bare handed combat [Unskilled]
 Weapon Skills
   club               [Unskilled]
   mace               [Basic]
   morning star       [Unskilled]
   flail              [Unskilled]
   hammer             [Unskilled]
   quarterstaff       [Unskilled]
   polearms           [Unskilled]
   spear              [Unskilled]
   trident            [Unskilled]
   lance              [Unskilled]
   bow                [Unskilled]
   sling              [Unskilled]
   crossbow           [Unskilled]
   dart               [Unskilled]
   shuriken           [Unskilled]
   boomerang          [Unskilled]
   unicorn horn       [Unskilled]
 Spellcasting Skills
   healing spells     [Unskilled]
   divination spells  [Unskilled]
   clerical spells    [Basic]

Voluntary challenges:
 Character rerolling was not enabled.
 You never had a pet.
 You never genocided any monsters.
 You never polymorphed an object.
 You never changed form.
 You used no wishes.
Achievements:
 You attained the rank of Acolyte.
 You entered the Gnomish Mines.

 The Dungeons of Doom: levels 1 to 3
    Level 1:
    Level 2:
       Some fountains.
    Level 3:
       A fountain.
       Stairs down to The Gnomish Mines.
 The Gnomish Mines:
    Level 4: <- You were here.
       Final resting place for
          you, killed by a dwarf.


Vanquished creatures:
  a gnome leader
  a kobold leader
  4 orc zombies
  8 dwarf zombies
 an acid blob
  a large kobold
  3 gnomes
  6 gnome zombies
  3 geckos
  a goblin
  a grid bug
  3 lichens
  9 kobold zombies
  6 newts
48 creatures vanquished.

No species were genocided or became extinct.

Game over:
                       ----------
                      /          \
                     /    REST    \
                    /      IN      \
                   /     PEACE      \
                  /                  \
                  |    ArrBianca     |
                  |      45 Au       |
                  |   killed by a    |
                  |      dwarf       |
                  |                  |
                  |                  |
                  |       2026       |
                 *|     *  *  *      | *
        _________)/\\_//(\/(/\)/\//\/|_)_______

Goodbye ArrBianca the Priestess...

You died in The Gnomish Mines on dungeon level 4 with 789 points,
and 45 pieces of gold, after 1088 moves.
You were level 4 with a maximum of 34 hit points when you died.

